 Dungeon Crawl Stone Soup version 0.30-a0-365-ge7f957f1db (webtiles) character file.

Game seed: 10928016279161404736

39 NinjaNoafa the Vexing (level 3, 16/16 HPs)
             Began as a Spriggan Enchanter on Nov 15, 2022.
             Quit the game on level 2 of the Dungeon on Nov 16, 2022.
             The game lasted 00:02:44 (1261 turns).

NinjaNoafa the Vexing (Spriggan Enchanter)          Turns: 1261, Time: 00:02:44

Health: 16/16      AC:  2    Str:  4    XL:     3   Next: 26%
Magic:  8/8        EV: 17    Int: 18    God:
Gold:   63         SH:  0    Dex: 15    Spells: 6/8 levels left

rFire   + . .      SeeInvis +    a - +1 dagger
rCold   . . .      Faith    .    (no shield)
rNeg    . . .      Spirit   .    b - +0 robe
rPois   .          Reflect  .    (helmet restricted)
rElec   .          Harm     .    (no cloak)
rCorr   .          Rampage  .    (gloves unavailable)
Will    .....                    (boots unavailable)
Stlth   +++.......               (no amulet)
HPRegen 0.22/turn                h - ring of protection from fire
MPRegen 0.11/turn                (no ring)

@: very quick
A: very small, no large weapons, unfitting armour, see invisible, speed 3
a: no special abilities


You were on level 2 of the Dungeon.
You visited 1 branch of the dungeon, and saw 2 of its levels.

You collected 63 gold pieces.

Inventory:

Hand Weapons
 a - a +1 dagger (weapon)
Missiles
 d - 19 stones (quivered)
 i - 3 poisoned darts
Armour
 b - a +0 robe (worn)
Jewellery
 h - a ring of protection from fire (left hand)
 n - a ring of resist corrosion
Scrolls
 j - 2 scrolls of identify {unknown}
 m - a scroll of blinking {unknown}
Potions
 c - 2 potions of invisibility
 e - a potion of resistance {unknown}
 f - 3 potions of curing {unknown}
 g - 2 potions of degeneration {unknown}
 k - 2 potions of lignification {unknown}
 l - a potion of berserk rage {unknown}


   Skills:
 + Level 1.6 Short Blades
 - Level 2.6 Dodging
 - Level 4.4 Stealth
 - Level 3.0 Spellcasting
 + Level 5.0 Hexes


You had 6 spell levels left.
You knew the following spells:

 Your Spells              Type           Power      Damage    Failure   Level
a - Ensorcelled Hibernat  Hex/Ice        22%        N/A       9%          2

Your spell library contained the following spells:

 Spells                   Type           Power      Damage    Failure   Level
 Confusing Touch          Hex            20%        N/A       6%          3
 Tukima's Dance           Hex            20%        N/A       6%          3
 Apportation              Tloc           4%         N/A       16%         1
 Necrotise                Necr           8%         1d4       16%         1
 Summon Small Mammal      Summ           8%         N/A       16%         1
 Dazzling Flash           Conj/Hex       22%        N/A       17%         3
 Portal Projectile        Hex/Tloc       22%        N/A       17%         3
 Iskenderun's Mystic Bla  Conj/Tloc      2%         2d3       85%         4
 Passage of Golubria      Tloc           2%         N/A       85%         4


Dungeon Overview and Level Annotations

Branches:
Dungeon (2/15)

Altars:
Xom


Innate Abilities, Weirdness & Mutations

You are very small and have problems with some larger weapons.
You are too small for most types of armour.
You have supernaturally acute eyesight. (SInv)
You cover ground extremely quickly. (Speed+++)


Message History

f - 3 red potions (gained 2)
A hobgoblin comes into view.
A hobgoblin is nearby!
A hobgoblin is nearby!
The hobgoblin shouts!
You hit the hobgoblin but do no damage. The hobgoblin barely misses you.
You hit the hobgoblin but do no damage. The hobgoblin closely misses you.
You hit the hobgoblin.
The hobgoblin is heavily wounded.
The hobgoblin misses you.
You hit the hobgoblin but do no damage.
The hobgoblin is heavily wounded.
The hobgoblin barely misses you.
You hit the hobgoblin but do no damage.
The hobgoblin is heavily wounded.
The hobgoblin misses you.
You hit the hobgoblin.
The hobgoblin is severely wounded.
The hobgoblin completely misses you.
You hit the hobgoblin but do no damage.
The hobgoblin is severely wounded.
The hobgoblin completely misses you.
You hit the hobgoblin but do no damage.
The hobgoblin is heavily wounded.
The hobgoblin hits you.
You hit the hobgoblin but do no damage.
The hobgoblin is moderately wounded.
The hobgoblin misses you.
You hit the hobgoblin but do no damage.
The hobgoblin is moderately wounded.
The hobgoblin hits you.
You hit the hobgoblin.
You kill the hobgoblin!
Saving game... please wait.
Welcome back, NinjaNoafa the Spriggan Enchanter.
Press ? for a list of commands and other information.
HP restored.
You now have 63 gold pieces (gained 6).
Found an escape hatch in the ceiling.
Are you sure you want to abandon this character and quit the game? (Confirm with "yes".)

#.#######.####.# #.#
#........... ..# #.##
##..######.##...# #..#
....# #.# #. #..# ###.#
#.# #. #..# .# #.##
#.#######..# .#
...#.#..........########
.#
.......###.###..........
.# #.@........########
###.# #.########.# ....#
#. #.# ....##. #. #.#
....... #. #.# .......
.< ..# ...#### ## ###
####


There were no monsters in sight!

Vanquished Creatures
  A dart slug (D:2)
  5 bats (D:1)
  2 endoplasms (D:2)
  2 giant cockroaches (D:1)
  3 goblins
  6 hobgoblins
  2 jackals (D:2)
  A quokka (D:2)
  2 ball pythons (D:2)
  A frilled lizard (D:1)
  4 kobolds
  6 rats
35 creatures vanquished.

Notes
Turn   | Place    | Note
-------+----------+-------------------------------------------
     0 | D:1      | NinjaNoafa the Spriggan Enchanter began the quest for the
                  | Orb.
     0 | D:1      | Reached XP level 1. HP: 9/9 MP: 5/5
   184 | D:1      | Reached skill level 4 in Hexes
   238 | D:1      | Reached XP level 2. HP: 13/13 MP: 7/7
   820 | D:2      | Found a shimmering altar of Xom.
   995 | D:2      | Learned a level 2 spell: Ensorcelled Hibernation
  1025 | D:2      | Reached XP level 3. HP: 16/16 MP: 8/8
  1030 | D:2      | Reached skill level 5 in Hexes
  1102 | D:2      | Got the Collected Works on Displacement
  1225 | D:2      | Upgraded the game from 0.30-a0-364-gf6b3ef1049 to
                  | 0.30-a0-365-ge7f957f1db
  1261 | D:2      | Quit the game

Illustrated notes

Levels and vault maps discovered:
D:1:      amcnicky_arrival_single_pillar, layout_basic, solitary_fountain,
          minmay_misc_feat_room
D:2:      layout_loops_ring, basic_altar

Skill      XL: |  1  2  3 |
---------------+----------+-----
Spellcasting   | 3 |  3.0
Hexes          | 4 5 |  5.0
Short Blades   | |  1.6
Dodging        | |  2.6
Stealth        | |  4.4

Action                   || total
-------------------------++-------
Melee: Dagger            ||   128
 Stab: Sleeping          ||    11
Armor: Robe              ||    19
Dodge: Dodged            ||    94

Table legend: (Time is in decaauts)
 A = Elapsed time spent in this place.
 B = Non-inter-level travel time spent in this place.
 C = Inter-level travel time spent in this place.
 D = Time resting spent in this place.
 E = Time spent auto-exploring this place.
 F = Levels seen in this place.
 G = Mean time per level.
                   A        B        C        D        E       F      G
               +--------+--------+--------+--------+--------+-----+--------+
         Total |    842 |    823 |     19 |      0 |    562 |   2 |  421.0 |
       Dungeon |    842 |    823 |     19 |      0 |    562 |   2 |  421.0 |
               +--------+--------+--------+--------+--------+-----+--------+

Top non-repeatable levels by time:
     D:1: 539 daAuts
     D:2: 302 daAuts
